 Dungeon Crawl Stone Soup version 0.31-a0-542-gdc2a67831c (webtiles) character file.

Game seed: 3859567145768616264

43 arthad the Shooter (level 3, -7/21 HPs)
             Began as a Kobold Hexslinger on Aug 14, 2023.
             Mangled by a gnoll
             ... wielding a +0 spear
              (9 damage)
             ... on level 3 of the Dungeon.
             The game lasted 00:02:33 (1380 turns).

arthad the Shooter (Kobold Hexslinger)              Turns: 1380, Time: 00:02:34

Health: -7/21      AC:  4    Str:  5    XL:     3   Next: 82%
Magic:  4/5        EV: 16    Int: 14    God:
Gold:   94         SH:  0    Dex: 25    Spells: 3/4 levels left

rFire   . . .        a - +1 sling
rCold   . . .        (no shield)
rNeg    . . .        c - +0 robe
rPois   .            (no helmet)
rElec   .            k - +0 cloak
rCorr   .            (no gloves)
SInv    .            e - +0 pair of boots
Will    .....        (no amulet)
Stlth   +++          o - +6 ring of dexterity
HPRegen 0.23/turn    (no ring)
MPRegen 0.09/turn

%: no passive effects
@: no status effects
A: small, no large weapons, nightstalker 3
a: no special abilities


You were on level 3 of the Dungeon.
You visited 1 branch of the dungeon, and saw 3 of its levels.

You collected 94 gold pieces.

Inventory:

Hand Weapons
 a - a +1 sling (weapon)
 j - a +6 short sword
 n - a +0 rapier
Armour
 c - a +0 robe (worn)
 e - a +0 pair of boots (worn)
 k - a +0 cloak (worn)
Jewellery
 o - a +6 ring of dexterity (left hand)
Scrolls
 b - a scroll of poison
 d - 2 scrolls of identify {unknown}
 i - a scroll of enchant weapon {unknown}
 l - a scroll of amnesia {unknown}
 m - a scroll of enchant armour {unknown}
 p - a scroll of blinking {unknown}
 q - a scroll of teleportation {unknown}
Potions
 f - a potion of enlightenment {unknown}
 g - 2 potions of heal wounds {unknown}
 h - a potion of magic {unknown}
 r - a potion of degeneration {unknown}


   Skills:
 * Level 1.7 Fighting
 * Level 3.4 Ranged Weapons
 * Level 3.0 Dodging
 + Level 1.3 Stealth
 + Level 1.4 Spellcasting
 + Level 3.2 Hexes


You had 3 spell levels left.
You knew the following spells:

 Your Spells              Type           Power      Damage    Failure   Level
a - Slow                  Hex            40%        N/A       7%          1

Your spell library contained the following spells:

 Spells                   Type           Power      Damage    Failure   Level
 Inner Flame              Hex/Fire       5%         N/A       36%         3
 Portal Projectile        Hex/Tloc       10%        N/A       36%         3
 Cause Fear               Hex            5%         N/A       54%         4


Dungeon Overview and Level Annotations

Branches:
Dungeon (3/15)

Altars:

Shops:
D:2 *


Innate Abilities, Weirdness & Mutations

You are small and have problems with some larger weapons.
You are completely attuned to the shadows.


Message History

The gnoll seems to slow down.
The gnoll closely misses you.
Aiming: Slow (safe; 7% risk of failure)
Press: ? - help, Q - select action, (/) - cycle Shift-Dir - straight line, f/p - gnoll
Aim: a gnoll, wielding a +0 spear (severely wounded, slow, chance to affect: 52%)
Okay, then.
Unknown command.
Fire: a) +1 sling
Press: ? - help, Shift-Dir - straight line, f/p - gnoll
Aim: a gnoll, wielding a +0 spear (severely wounded, slow, 68% to hit)
You shoot a sling bullet.
The sling bullet hits the gnoll but does no damage.
The gnoll is severely wounded.
The gnoll hits you from afar with a +0 spear.
* * * LOW HITPOINT WARNING * * *
Fire: a) +1 sling
Press: ? - help, Shift-Dir - straight line, f/p - gnoll
Aim: a gnoll, wielding a +0 spear (severely wounded, slow, 68% to hit)
You shoot a sling bullet.
The sling bullet closely misses the gnoll.
The gnoll closely misses you.
Fire: a) +1 sling
Press: ? - help, Shift-Dir - straight line, f/p - gnoll
Aim: a gnoll, wielding a +0 spear (severely wounded, slow, 68% to hit)
You shoot a sling bullet. The sling bullet hits the gnoll.
The gnoll is almost dead.
The gnoll completely misses you.
Fire: a) +1 sling
Press: ? - help, Shift-Dir - straight line, f/p - gnoll
Aim: a gnoll, wielding a +0 spear (almost dead, slow, 68% to hit)
You shoot a sling bullet. The sling bullet hits the gnoll.
The gnoll is almost dead.
The gnoll is no longer moving slowly.
Fire: a) +1 sling
Press: ? - help, Shift-Dir - straight line, f/p - gnoll
Aim: a gnoll, wielding a +0 spear (almost dead, 68% to hit)
You shoot a sling bullet.
The sling bullet barely misses the gnoll.
The gnoll hits you from afar with a +0 spear!
You die...

..###### #.8...[#
......<# #8÷....#
..###### #.÷..÷.# ..#
#8.....# ..# #.÷÷÷..#
..# #8..%..# ..#####
###g.....# ....... #.
#).#.÷.._# .###### #.#
###@######## ......
#.# #.).#####
.########.####.##.....
........#.......#.####
.#####..#.#####.#.####
.#####........#.#.....
..)...#..>.......)....
.####.#.#.###.#.#.....
## #)#.#.# #.#.#.....


You could see a gnoll.

Vanquished Creatures
  A gnoll (D:3)
  A worm (D:2)
  A dart slug (D:2)
  An endoplasm (D:1)
  2 giant cockroaches (D:1)
  5 goblins
  3 kobolds (D:1)
  2 quokkas
  2 ball pythons (D:1)
  5 bats
  A frilled lizard (D:2)
  3 rats
27 creatures vanquished.

Notes
Turn   | Place    | Note
-------+----------+-------------------------------------------
     0 | D:1      | arthad the Kobold Hexslinger began the quest for the Orb.
     0 | D:1      | Reached XP level 1. HP: 12/12 MP: 2/2
   166 | D:1      | Reached XP level 2. HP: 16/16 MP: 3/3
   725 | D:1      | Reached XP level 3. HP: 20/20 MP: 4/4
   862 | D:2      | Found Ibliob's General Store.
   900 | D:2      | Reached skill level 1 in Stealth
  1345 | D:3      | Found a faded altar of an unknown god.
  1376 | D:3      | HP: 1/21 [gnoll/+0 spear (5)]
  1380 | D:3      | Mangled by a gnoll

Illustrated notes

Levels and vault maps discovered:
D:1:      roderic_chinese_lattice_arrival, layout_loops_cross,
          minmay_hedge_maze, minmay_worlds_worst_comb
D:2:      layout_rooms, serial_shops, shop, minmay_misc_feat_enclosed
D:3:      corexii_shack_village, layout_basic, shapermc_ecumenical_altar_pompeii

Skill      XL: |  1  2  3 |
---------------+----------+-----
Ranged Weapons | 3 |  3.4
Stealth        | 1 |  1.3
Dodging        | 3 |  3.0
Fighting       | |  1.7
Spellcasting   | |  1.4
Hexes          | |  3.2

Action                     || total
---------------------------++-------
   Fire: Sling             ||    76
   Cast: Slow              ||     1
 Armour: Robe              ||     3
  Dodge: Dodged            ||    24

Table legend: (Time is in decaauts)
 A = Elapsed time spent in this place.
 B = Non-inter-level travel time spent in this place.
 C = Inter-level travel time spent in this place.
 D = Time resting spent in this place.
 E = Time spent auto-exploring this place.
 F = Levels seen in this place.
 G = Mean time per level.
                   A        B        C        D        E       F      G
               +--------+--------+--------+--------+--------+-----+--------+
         Total |   1397 |   1335 |     62 |      0 |   1126 |   3 |  465.7 |
       Dungeon |   1397 |   1335 |     62 |      0 |   1126 |   3 |  465.7 |
               +--------+--------+--------+--------+--------+-----+--------+

Top non-repeatable levels by time:
     D:1: 811 daAuts
     D:2: 482 daAuts
     D:3: 103 daAuts
